Description

Timings may be 'slightly' relative, but you should be able to attack around 02:25. It's a good cheese build if you're trying to get to a higher league... or trying to stay in yours.

Build Order

Get SALT Encoding   

  13  00:12  Probe  
  14  00:25  Probe  
  15  00:46  Pylon  
  15  01:05  Gateway (Chrono Boost)  
  15  01:06  Gateway (Chrono Boost)  
  15  01:07  Gateway (Chrono Boost)  
  15  01:09  Gateway (Chrono Boost)  
  15  01:42  Pylon  
  16  01:56  Zealot x2  
  20  01:57  Zealot x2  
  22  02:07  Forge (Chrono Boost)  
  24  02:21  Zealot  
  26  02:23  Zealot  
  28  02:24  Zealot  
  28  02:28  Assimilator  
  30  02:35  Zealot  
Spawning Tool Build Advisor. Get it on Overwolf

Go to:

Details

  • Created by: Sigrun
  • Published on: Nov 08, 2016
  • Modified on: Nov 08, 2016
  • Patch: Pre-3.8.0
Show
View Real Time Build Order
Export as new Build Order

Comments (2)

On Aug. 24, 2017, 2:32 a.m., DrPooraka  said:

This is one FUKN Brutal Build !

On Nov. 14, 2016, 10:37 a.m., zeratul7x  said:

Only proxy gates is useble

Create an account to comment!